 Dungeon Crawl Stone Soup version 0.29-a0-234-g0dae59b3db (webtiles) character file.

Game seed: 351302474249678678

482 Hubjo the Sneak (level 6, -3/43 (46) HPs)
             Began as a Vampire Enchanter on Mar 3, 2022.
             Was an Initiate of Nemelex Xobeh.
             Slain by a wight
             ... wielding a +5 halberd
              (13 damage)
             ... on level 6 of the Dungeon.
             The game lasted 00:13:03 (5096 turns).

Hubjo the Sneak (Vampire Enchanter)                 Turns: 5096, Time: 00:13:04

HP:   -3/43 (46)    AC:  9    Str: 10    XL:     6   Next: 87%
MP:   9/9           EV: 10    Int: 17    God:    Nemelex Xobeh [......]
Gold: 275           SH:  0    Dex: 23    Spells: 3/9 levels left

rFire   x . .      SeeInvis +   h - +6 whip of Saoluaroe {vorpal, rElec rF- rC++ Str+3}
rCold   + + .      Faith    .   (no shield)
rNeg    . . .      Spirit   .   d - +3 scale mail {rPois}
rPois   +          Reflect  .   (no helmet)
rElec   +          Harm     .   (no cloak)
rCorr   .          Rampage  .   (no gloves)
Will    .....                   (no boots)
Stlth   +++.......              (no amulet)
HPRegen 0.34/turn               l - +6 ring of dexterity
MPRegen 0.11/turn               o - ring of poison resistance

@: healing quickly, drained
A: alive, fangs 3, see invisible, vampiric 2
a: Exsanguinate, Renounce Religion, Draw Escape, Draw Destruction, Draw
Summoning


You were on level 6 of the Dungeon.
You worshipped Nemelex Xobeh.
Nemelex Xobeh was noncommittal.
You visited 2 branches of the dungeon, and saw 7 of its levels.

You collected 275 gold pieces.

Inventory:

Hand Weapons
 a - a +1 dagger
 h - the +6 whip of Saoluaroe (weapon) {vorpal, rElec rF- rC++ Str+3}
   (You found it on level 5 of the Dungeon)

   It inflicts extra damage upon your enemies.
   Str:       It affects your strength (+3).
   rF:        It makes you vulnerable to fire.
   rC:        It greatly protects you from cold.
   rElec:     It insulates you from electricity.
 j - a +2 short sword of flaming
Armour
 b - a +0 robe
 d - a +3 scale mail of poison resistance (worn)
 e - a +2 ring mail of willpower
 t - a +2 robe of willpower
Jewellery
 l - a +6 ring of dexterity (left hand)
 o - a ring of poison resistance (right hand)
Wands
 i - a wand of flame (44)
 r - a wand of iceblast (4)
 s - a wand of mindburst (4)
Scrolls
 f - 3 scrolls of fog
 k - a scroll of noise {unknown}
 p - a scroll of amnesia
 q - a scroll of torment {unknown}
 u - a scroll of acquirement {unknown}
 v - a scroll of enchant weapon
Potions
 c - a potion of invisibility
 g - a potion of curing
 m - a potion of attraction
 n - a potion of flight {unknown}


   Skills:
 + Level 2.8 Fighting
 - Level 2.5 Short Blades
 * Level 1.0 Maces & Flails
 + Level 3.5 Dodging
 * Level 7.4 Stealth
 + Level 2.1 Spellcasting
 + Level 5.9 Hexes
 * Level 1.0 Invocations


You had 3 spell levels left.
You knew the following spells:

 Your Spells              Type           Power      Damage    Failure   Level
a - Tukima's Dance        Hex            21%        N/A       36%         3
b - Dazzling Flash        Conj/Hex       22%        N/A       77%         3

Your spell library contained the following spells:

 Spells                   Type           Power      Damage    Failure   Level
 Confusing Touch          Hex            21%        N/A       36%         3
 Ensorcelled Hibernation  Hex/Ice        22%        N/A       54%         2
 Magic Dart               Conj           4%         1d3       80%         1
 Call Imp                 Summ           1%         N/A       91%         2
 Searing Ray              Conj           2%         2d4       91%         2
 Mephitic Cloud           Conj/Pois/Air  1%         N/A       99%         3
 Fulminant Prism          Conj/Hex       5%         3d7       99%         4


Dungeon Overview and Level Annotations

Branches:
Dungeon (6/15)             Temple (1/1) D:4

Altars:
Ashenzari
Cheibriados
Elyvilon
Fedhas
Gozag
Hepliaklqana
Kikubaaqudgha
Makhleb
Nemelex Xobeh
Okawaru
Ru
Sif Muna
Trog
Uskayaw
Vehumet
Wu Jian
Xom
Yredelemnul
Zin
The Shining One

Shops:
D:1 [   D:2 [   D:5 *   D:6 =


Innate Abilities, Weirdness & Mutations

Your natural rate of healing is accelerated.
You have razor-sharp teeth.
You have supernaturally acute eyesight. (SInv)
You are afflicted with vampirism and can become a bat while bloodless.


Message History

The ice beast is moderately wounded.
The ice beast hits you. The ice beast freezes you. You resist.
You hit the ice beast.
The ice beast is severely wounded.
The ice beast barely misses you.
You whack the ice beast!
You kill the ice beast!
Your Maces & Flails skill increases to level 1!
Your Invocations skill increases to level 1!
The wight barely misses you.
A wight comes into view. It is wielding a +3 spear.
The wight barely misses you.
You hit the wight.
The wight is moderately damaged.
The iguana hisses angrily.
A wight comes into view. It is wielding a +0 falchion.
The wight hits you but does no damage.
You hit the wight.
The wight is heavily damaged.
The wight hits you with a +5 halberd!
You feel drained.
You are too injured to fight recklessly!
You are too injured to fight recklessly!
You are too injured to fight recklessly!
You are too injured to fight recklessly!
You are too injured to fight recklessly!
You hit the wight.
The wight is severely damaged.
The wight closely misses you. The wight closely misses you.
A wight comes into view. It is wielding a +0 scimitar.
The wight barely misses you.
You see here 13 gold pieces.
The iguana closely misses you.
The wight hits you from afar with a +5 halberd.
You feel drained. The iguana bites you.
* * * LOW HITPOINT WARNING * * *
The wight hits you from afar with a +5 halberd!
You die...
Your body disappears without a glow.

..<......#.....#
...........#.#.### ....
.........)##......
.....
....?.....##....## ...#
.................##...#
.#....#..#........#...#
#.......$.z#.........#
...........zzl.#......#
...........###@##..(..#
## z......z..>#
#..##....# ..###
......∩....# ##..#....#
#.... ...........#
#.#....# ##....
.###########
.##...####.....
###............
#...####..... #####
#..... #.....


You could see an iguana and 3 wights.

Vanquished Creatures
  A black bear (D:5)
  2 ice beasts (D:6)
  2 centaurs (D:5)
  2 scorpions (D:5)
  Dowan (D:4)
  A hound (D:6)
  2 jellies
  Jessica (D:3)
  Terence (D:2)
  7 adders
  An ufetubus (D:4)
  2 dart slugs
  An orc (D:4)
  7 ball pythons
  4 endoplasms
  2 giant cockroaches
  7 goblins
  4 hobgoblins
  9 jackals
  2 quokkas
  A bat (D:2)
  A frilled lizard (D:1)
  3 kobolds
  4 rats
68 creatures vanquished.

Vanquished Creatures (collateral kills)
  Duvessa (D:4)
  An adder (D:4)
  3 goblins
  A hobgoblin (D:4)
  A kobold (D:2)
  2 rats (D:2)
9 creatures vanquished.

Grand Total: 77 creatures vanquished

Notes
Turn   | Place    | Note
-------+----------+-------------------------------------------
     0 | D:1      | Hubjo the Vampire Enchanter began the quest for the Orb.
     0 | D:1      | Reached XP level 1. HP: 13/13 MP: 3/3
   177 | D:1      | Reached XP level 2. HP: 20/20 MP: 5/5
   304 | D:1      | Found Musazizebu's Armour Shoppe.
   507 | D:1      | Reached skill level 5 in Stealth
   729 | D:1      | Found a faded altar of an unknown god.
   739 | D:1      | Prayed at the altar of an unknown god.
   739 | D:1      | Became a worshipper of Hepliaklqana the Forgotten
   739 | D:1      | Reached * piety under Hepliaklqana
   977 | D:1      | You fall into a shaft and drop 1 floor!
  1008 | D:2      | Reached skill level 1 in Fighting
  1074 | D:2      | Found Jiogepyss's Antique Armour Shoppe.
  1241 | D:2      | Gained mutation: You are afflicted with vampirism and can
                  | become a bat while bloodless. [Vampire growth]
  1241 | D:2      | Reached XP level 3. HP: 23/23 MP: 6/6
  1245 | D:2      | Learned a level 3 spell: Tukima's Dance
  1249 | D:2      | Learned a level 3 spell: Dazzling Flash
  1283 | D:2      | Noticed Terence
  1313 | D:2      | Killed Terence
  1732 | D:3      | Found a blossoming altar of Fedhas.
  1739 | D:3      | Noticed Jessica
  1747 | D:3      | Killed Jessica
  1748 | D:3      | Reached skill level 5 in Hexes
  1748 | D:3      | Reached XP level 4. HP: 21/28 MP: 7/7
  1896 | D:3      | Reached ** piety under Hepliaklqana
  1897 | D:3      | Remembered your ancestor Hubquo as a hexer
  2267 | D:4      | Reached skill level 6 in Stealth
  2395 | D:4      | Found a basalt altar of Yredelemnul.
  2396 | D:4      | Found a shimmering blue altar of Sif Muna.
  2472 | D:4      | Found a staircase to the Ecumenical Temple.
  2675 | D:4      | Reached XP level 5. HP: 25/34 MP: 8/8
  2929 | D:4      | Noticed Dowan
  2931 | D:4      | Noticed Duvessa
  2984 | D:4      | Killed Duvessa
  2988 | D:4      | Killed Dowan
  2989 | D:4      | Reached skill level 7 in Stealth
  2989 | D:4      | Reached XP level 6. HP: 39/41 MP: 9/9
  3220 | Temple   | Entered the Ecumenical Temple
  3231 | Temple   | Fell from the grace of Hepliaklqana
  3231 | Temple   | Became a worshipper of Nemelex Xobeh the Trickster
  4119 | D:5      | Entered Level 5 of the Dungeon
  4119 | D:5      | Found Zin's Purification Station.
  4397 | D:5      | Identified the +6 whip of Saoluaroe {vorpal, rElec rF- rC++
                  | Str+3}
  5060 | D:6      | Noticed an ice beast
  5065 | D:6      | Found Ynkaliph's Jewellery Shop.
  5066 | D:6      | Noticed an ice beast
  5073 | D:6      | Killed an ice beast
  5074 | D:6      | Was forgiven by Hepliaklqana
  5081 | D:6      | Killed an ice beast
  5082 | D:6      | Reached skill level 1 in Maces & Flails
  5082 | D:6      | Reached skill level 1 in Invocations
  5096 | D:6      | Slain by a wight

Illustrated notes

Levels and vault maps discovered:
D:1:      nzn_arrival_crosshair, layout_basic, serial_shops, shop,
          hellmonk_ecumenical_altar_crossroads
D:2:      layout_loops_cross, serial_shops, nicolae_shop_waterfront,
          minmay_misc_feat_x, minmay_tiny_reverse_x, uniq_terence
D:3:      layout_rooms, mainiacjoe_overflow_cross_hatched, uniq_jessica
D:4:      layout_cave_pods, mainiacjoe_overflow_tiny_flanked,
          lemuel_doored_altar, temple_hall, kennysheep_generic_room_12,
          uniq_duvessa
D:5:      layout_cave_pools, elyvilon_altar_4, zin_purify,
          guppyfry_early_lair_pool
D:6:      layout_rooms, serial_shops, shop, nicolae_shop_crystal,
          nicolae_shop_temple_entry_statues_fountains, shop,
          ebering_ghost_sewer_f, corexii_corridor_pit, kennysheep_generic_room_7
Temple:   nicolae_temple_x_marks_the_god

Skill      XL: |  1  2  3  4  5  6 |
---------------+-------------------+-----
Stealth        | 5 6 7 |  7.4
Fighting       | 1 2 |  2.8
Hexes          | 5 |  5.9
Short Blades   | 2 |  2.5
Dodging        | 3 |  3.5
Maces & Flails | 1 |  1.0
Invocations    | 1 |  1.0
Spellcasting   | |  2.1

Action                   |  1- 3 |  4- 6 || total
-------------------------+-------+-------++-------
Melee: Dagger            |   118 |   132 ||   250
       Bite              |    11 |    22 ||    33
       Punch             |     3 |     1 ||     4
       Whip              |       |    36 ||    36
Invok: Ancestor Identity |     3 |       ||     3
       Recall Ancestor   |     1 |       ||     1
       Ancestor Life: He |       |     1 ||     1
Evoke: Wand              |       |     4 ||     4
  Use: Scroll            |     1 |     6 ||     7
       Potion            |       |     9 ||     9
 Stab: Sleeping          |     4 |     5 ||     9
       Distracted        |     1 |     1 ||     2
Armor: Robe              |     7 |       ||     7
       Scale mail        |    47 |    84 ||   131
Dodge: Dodged            |    52 |    75 ||   127

Table legend: (Time is in decaauts)
 A = Elapsed time spent in this place.
 B = Non-inter-level travel time spent in this place.
 C = Inter-level travel time spent in this place.
 D = Time resting spent in this place.
 E = Time spent auto-exploring this place.
 F = Levels seen in this place.
 G = Mean time per level.
                   A        B        C        D        E       F      G
               +--------+--------+--------+--------+--------+-----+--------+
         Total |   5057 |   4834 |    223 |     91 |   2999 |   7 |  722.4 |
       Dungeon |   4204 |   3981 |    223 |     91 |   2999 |   6 |  700.7 |
        Temple |    853 |    853 |      0 |      0 |      0 |   1 |  853.0 |
               +--------+--------+--------+--------+--------+-----+--------+

Top non-repeatable levels by time:
     D:4: 1044 daAuts
     D:1: 974 daAuts
  Temple: 853 daAuts
     D:5: 850 daAuts
     D:2: 743 daAuts
     D:3: 468 daAuts
     D:6: 123 daAuts
